 Dungeon Crawl Stone Soup version 0.29.0-13-gc9e81de378 (webtiles) character file.

Game seed: 13592522179377238441

411 RascalDebosk the Cudgeller (level 6, -2/62 HPs)
             Began as a Troll Berserker on Sept 7, 2022.
             Was a Believer of Trog.
             Slain by a scorpion (5 damage)
             ... on level 5 of the Dungeon.
             The game lasted 00:25:20 (3456 turns).

RascalDebosk the Cudgeller (Troll Berserker)        Turns: 3456, Time: 00:25:21

Health: -2/62      AC:  4    Str: 26    XL:     6   Next: 58%
Magic:  5/5        EV: 10    Int:  5    God:    Trog [**....]
Gold:   283        SH:  0    Dex:  9    Spells: 5/5 levels left

rFire   . . .      SeeInvis .   a - +0 mace
rCold   + . .      Faith    .   (no shield)
rNeg    . . .      Spirit   .   k - +0 robe
rPois   .          Reflect  .   (helmet restricted)
rElec   .          Harm     .   (no cloak)
rCorr   .          Rampage  .   (gloves unavailable)
Will    ++...                   (boots unavailable)
Stlth   +.........              (no amulet)
HPRegen 2.00/turn               o - ring of protection from cold
MPRegen 0.09/turn               (no ring)

@: lethally poisoned (-2 -> -4), strong-willed, on berserk cooldown,
regenerating, slowed, very slow
A: large, unfitting armour, claws 3, regeneration 1, shaggy fur 1, tough skin 1
a: Renounce Religion, Berserk, Trog's Hand


You were on level 5 of the Dungeon.
You worshipped Trog.
Trog was pleased with you.
You visited 1 branch of the dungeon, and saw 5 of its levels.

You collected 283 gold pieces.

Inventory:

Hand Weapons
 a - a +0 mace (weapon)
 g - a +0 short sword of draining
Missiles
 c - 6 atropa-tipped darts (quivered)
 t - 6 poisoned darts
 v - 2 boomerangs
Armour
 b - a +0 animal skin
 k - a +0 robe (worn)
Jewellery
 f - a +6 ring of intelligence
 o - a ring of protection from cold (left claw)
 q - an amulet of faith
Scrolls
 p - a scroll of torment
Potions
 e - a potion of attraction
 i - a potion of lignification {unknown}
 j - a potion of mutation {unknown}
 l - a potion of heal wounds
 m - a potion of degeneration {unknown}
 r - 3 potions of berserk rage
 s - 2 potions of haste
 u - a potion of curing {unknown}


   Skills:
 + Level 3.7 Fighting
 + Level 4.1 Maces & Flails
 + Level 2.8 Throwing
 + Level 3.7 Dodging


You had 5 spell levels left.
You didn't know any spells.
Your spell library was empty.

Dungeon Overview and Level Annotations

Branches:
Dungeon (5/15)
 Temple: D:4-7

Altars:
Cheibriados
Dithmenos
Elyvilon
Fedhas
Gozag
Kikubaaqudgha
Vehumet


Innate Abilities, Weirdness & Mutations

You are too large for most types of armour.
You have claws for hands.
Your natural rate of healing is unusually fast.
You are covered in fur. (AC +1)
You have tough skin. (AC +1)


Message History

You hit the scorpion but do no damage. Your claw misses the scorpion.
The scorpion is lightly wounded.
You feel sick. The scorpion closely misses you. The scorpion stings you.
The scorpion stings you but does no damage.
You hit the scorpion but do no damage.
The scorpion is lightly wounded.
You feel sick. The scorpion barely misses you. The scorpion stings you.
You hit the scorpion.
The scorpion is heavily wounded.
The sentinel's mark upon you fades away.
You feel sick.
You are no longer poisoned.
The scorpion closely misses you. The scorpion stings you.
* * * LOW HITPOINT WARNING * * *
You are poisoned.
The scorpion poisons you!
The howler monkey hoots and howls with incredible vigour!
Your skin crawls.
You feel strong-willed.
You feel very sick. The scorpion stings you.
* * * LOW HITPOINT WARNING * * *
You are more poisoned.
The scorpion poisons you! The scorpion barely misses you.
You feel very sick.
You feel very sick. The scorpion stings you.
* * * LOW HITPOINT WARNING * * *
You feel sick. The scorpion misses you.
The howler monkey hoots and howls with incredible vigour!
You hear an angry hiss.
You feel sick. The scorpion stings you.
* * * LOW HITPOINT WARNING * * *
The scorpion attacks as you move away! The scorpion barely misses you.
You feel sick. The scorpion stings you.
* * * LOW HITPOINT WARNING * * *
You are more poisoned.
The scorpion poisons you! The scorpion attacks as you move away!
The scorpion stings you.
You die...

#.
######...#
#
.........#
...###..##
#..#
#..#######
#.)h)F.F.#
##.#####h#
.hs..h..#
#s#
h..######
#@# #.#
#.# #.#
..# ###


You could see a black bear, a bullfrog and a scorpion.

Vanquished Creatures
  2 scorpions (D:5)
  An orc priest (D:3)
  2 iguanas (D:5)
  An orc wizard (D:5)
  7 adders
  An ufetubus (D:4)
  A worm (D:4)
  A dart slug (D:3)
  11 orcs
  3 endoplasms
  9 giant cockroaches
  6 goblins
  4 hobgoblins
  10 jackals
  9 kobolds
  5 quokkas
  10 ball pythons
  6 bats
  4 frilled lizards
  5 rats
98 creatures vanquished.

Notes
Turn   | Place    | Note
-------+----------+-------------------------------------------
     0 | D:1      | RascalDebosk the Troll Berserker began the quest for the
                  | Orb.
     0 | D:1      | Reached XP level 1. HP: 22/22 MP: 0/0
   126 | D:1      | Reached XP level 2. HP: 29/29 MP: 1/1
   326 | D:1      | Reached skill level 3 in Maces & Flails
   331 | D:1      | Reached ** piety under Trog
   341 | D:1      | Reached skill level 1 in Throwing
   345 | D:1      | Reached XP level 3. HP: 36/36 MP: 2/2
   409 | D:1      | Found a faded altar of an unknown god.
   859 | D:2      | Reached XP level 4. HP: 44/44 MP: 3/3
  1334 | D:3      | Reached *** piety under Trog
  2051 | D:3      | Found a snail-covered altar of Cheibriados.
  2267 | D:3      | Reached XP level 5. HP: 38/53 MP: 4/4
  2629 | D:4      | Found a shadowy altar of Dithmenos.
  2678 | D:4      | Found a blossoming altar of Fedhas.
  2725 | D:4      | Found a radiant altar of Vehumet.
  2949 | D:4      | Found an ancient bone altar of Kikubaaqudgha.
  2960 | D:4      | Found a white marble altar of Elyvilon.
  3004 | D:5      | Entered Level 5 of the Dungeon
  3101 | D:5      | Found an opulent altar of Gozag.
  3183 | D:5      | Reached XP level 6. HP: 27/61 MP: 5/5
  3185 | D:5      | Reached skill level 4 in Maces & Flails
  3455 | D:5      | HP: 3/62 [scorpion (5)]
  3456 | D:5      | Slain by a scorpion

Illustrated notes

Levels and vault maps discovered:
D:1:      evilmike_arrival_rings, layout_loops_ring,
          ebering_ecumenical_altar_webs, hex_medium, minmay_worlds_worst_comb
D:2:      layout_basic, minmay_diced_spiral
D:3:      layout_loops_corners, kennysheep_slug_shrine, kennysheep_orc_chapel
D:4:      layout_loops_ring, kennysheep_mini, nicolae_overflow_quartered_altars
D:5:      layout_loops_ring, lemuel_crystal_altar, grunt_gozag_breadcrumbs,
          amcnicky_altar_gilded, minmay_quadrilaterals

Skill      XL: |  1  2  3  4  5  6 |
---------------+-------------------+-----
Maces & Flails | 3 4 |  4.1
Throwing       | 1 2 |  2.8
Dodging        | 3 |  3.7
Fighting       | 3 |  3.7

Action                   |  1- 3 |  4- 6 || total
-------------------------+-------+-------++-------
Melee: Mace              |   137 |   195 ||   332
       Punch             |     2 |     1 ||     3
Throw: Dart              |       |     3 ||     3
Invok: Berserk           |     1 |     6 ||     7
       Trog's Hand       |       |     4 ||     4
  Use: Scroll            |       |     8 ||     8
       Potion            |       |     1 ||     1
Armor: Animal skin       |    70 |    66 ||   136
       Robe              |       |     3 ||     3
Dodge: Dodged            |    95 |   111 ||   206
